 Dungeon Crawl Stone Soup version 0.29.1-1-gd02db6906a (webtiles) character file.

Game seed: 12398229570141025863

694 Senryu the Ruffian (level 7, 0/65 (67) HPs)
             Began as a Troll Monk on Sept 25, 2022.
             Was a Follower of Yredelemnul.
             Slain by a kobold brigand
             ... wielding a +2 dagger of speed
              (3 damage)
             ... on level 5 of the Dungeon.
             The game lasted 00:26:03 (4686 turns).

Senryu the Ruffian (Troll Monk)                     Turns: 4686, Time: 00:26:03

HP:   0/65 (67)     AC:  4    Str: 20    XL:     7   Next: 37%
MP:   7/7           EV: 10    Int:  8    God:    Yredelemnul [*.....]
Gold: 127           SH:  0    Dex: 12    Spells: 3/8 levels left

rFire   + . .      SeeInvis .   d - +1 war axe (vamp)
rCold   . . .      Faith    +   (no shield)
rNeg    . . .      Spirit   .   m - +0 robe {rF+}
rPois   .          Reflect  .   (helmet restricted)
rElec   .          Harm     .   (no cloak)
rCorr   .          Rampage  .   (gloves unavailable)
Will    .....                   (boots unavailable)
Stlth   ++........              o - amulet of faith
HPRegen 1.00/turn               (no ring)
MPRegen 0.10/turn               (no ring)

@: lightly drained
A: large, unfitting armour, claws 3, regeneration 1, shaggy fur 1, tough skin 1
a: Renounce Religion, Recall Undead Harvest


You were on level 5 of the Dungeon.
You worshipped Yredelemnul.
Yredelemnul was noncommittal.
You visited 1 branch of the dungeon, and saw 5 of its levels.

You collected 127 gold pieces.

Inventory:

Hand Weapons
 d - a +1 vampiric war axe (weapon)
Missiles
 f - 2 poisoned darts (quivered)
 p - 2 atropa-tipped darts
Armour
 m - a +0 robe of fire resistance (worn)
Jewellery
 o - an amulet of faith (around neck)
Wands
 i - a wand of mindburst (6)
Scrolls
 a - 2 scrolls of teleportation
 n - a scroll of fear
Potions
 b - 3 potions of ambrosia
 c - 2 potions of cancellation
 e - 2 potions of curing
 g - 2 potions of magic
 h - a potion of degeneration {unknown}
 j - a potion of attraction
 k - a potion of mutation {unknown}
 l - a potion of flight {unknown}
 q - 2 potions of brilliance {unknown}


   Skills:
 * Level 3.2 Fighting
 * Level 2.0 Axes
 * Level 1.7 Throwing
 * Level 1.5 Armour
 * Level 3.4 Dodging
 * Level 1.6 Stealth
 * Level 4.4 Unarmed Combat
 * Level 1.0 Spellcasting
 * Level 1.2 Transmutations
 * Level 0.5 Earth Magic
 * Level 0.3 Poison Magic
 * Level 0.9 Invocations
 * Level 0.7 Evocations


You had 3 spell levels left.
You knew the following spells:

 Your Spells              Type           Power      Damage    Failure   Level
a - Beastly Appendage     Tmut           4%         N/A       24%         1
b - Spider Form           Tmut/Pois      1%         N/A       65%         3
c - Sandblast             Erth           2%         2d4       32%         1

Your spell library contained the following spells:

 Spells                   Type           Power      Damage    Failure   Level
 Wereblood                Tmut           2%         N/A       34%         2
 Passwall                 Tmut/Erth      0%         N/A       38%         2
 Stone Arrow              Conj/Erth      0%         3d7       71%         3
 Call Canine Familiar     Summ           0%         N/A       75%         3
 Gell's Gravitas          Tloc           0%         N/A       75%         3
 Lesser Beckoning         Tloc           0%         N/A       75%         3
 Portal Projectile        Hex/Tloc       0%         N/A       75%         3
 Teleport Other           Tloc           0%         N/A       75%         3
 Leda's Liquefaction      Hex/Erth       0%         N/A       98%         4


Dungeon Overview and Level Annotations

Branches:
Dungeon (5/15)
 Temple: D:4-7

Altars:
Yredelemnul


Innate Abilities, Weirdness & Mutations

You are too large for most types of armour.
You have claws for hands.
Your natural rate of healing is unusually fast.
You are covered in fur. (AC +1)
You have tough skin. (AC +1)


Message History

You slash the kobold brigand!
The kobold brigand is almost dead.
Your kobold zombie hits the kobold brigand but does no damage.
The kobold brigand hits your kobold zombie with a +2 dagger of speed!
Your hobgoblin zombie closely misses the kobold brigand.
Your kobold zombie barely misses the kobold brigand.
The kobold brigand barely misses your kobold zombie.
You barely miss the kobold brigand.
The kobold brigand is almost dead.
Your kobold zombie hits the kobold brigand but does no damage.
The kobold brigand hits your kobold zombie with a +2 dagger of speed.
Your kobold zombie is destroyed!
Your hobgoblin zombie closely misses the kobold brigand.
Your kobold zombie hits the kobold brigand.
The kobold brigand hits your kobold zombie with a +2 dagger of speed!
Your kobold zombie is destroyed!
The kobold brigand shouts!
You can no longer trade souls for undead servants.
You closely miss the kobold brigand.
The kobold brigand is almost dead.
Your hobgoblin zombie barely misses the kobold brigand.
The kobold brigand hits you with a +2 dagger of speed.
* * * LOW HITPOINT WARNING * * *
The kobold brigand hits you with a +2 dagger of speed.
* * * LOW HITPOINT WARNING * * *
Your kobold brigand zombie hits the kobold brigand but does no damage.
Your kobold zombie closely misses the kobold brigand.
You hit the kobold brigand but do no damage.
The kobold brigand is almost dead.
The kobold brigand hits you with a +2 dagger of speed!
* * * LOW HITPOINT WARNING * * *
Your hobgoblin zombie barely misses the kobold brigand.
The kobold brigand barely misses you.
Your kobold brigand zombie completely misses the kobold brigand.
Your kobold zombie closely misses the kobold brigand.
Your hobgoblin zombie barely misses the kobold brigand.
You swap places.
The kobold brigand hits you with a +2 dagger of speed.
You die...
Your body rises from the dead as a mindless zombie.

##... #.
#..## #.
#. #..#
#..# #..#
## ##..#
~~#
#ZZ##≈≈~#
#ZZ#≈≈~~#
#KZ##≈≈~#
##@)# ~~#
#..# ##
##..# ..#
)?# ?!#
###


You could see a kobold brigand (ally target), a friendly hobgoblin zombie, 3
friendly kobold zombies and a friendly kobold brigand zombie.

Vanquished Creatures
  Sigmund (D:3)
  A black bear (D:4)
  A kobold brigand (D:5)
  2 jellies (D:5)
  A hound (D:5)
  An orc priest (D:5)
  3 iguanas (D:4)
  An orc wizard (D:3)
  A spectral jelly (D:5)
  2 adders
  A jelly zombie (D:5)
  3 worms
  A dart slug (D:1)
  12 orcs
  7 ball pythons
  5 endoplasms
  4 giant cockroaches
  7 goblins
  8 hobgoblins
  3 jackals (D:3)
  3 quokkas
  7 bats
  4 frilled lizards
  15 kobolds
  8 rats
  2 spectral orcs (D:5)
104 creatures vanquished.

Vanquished Creatures (collateral kills)
  A worm (D:3)
  An orc (D:5)
  An endoplasm (D:2)
  A goblin (D:2)
  2 kobolds (D:5)
  2 ball pythons (D:2)
  2 frilled lizards (D:2)
10 creatures vanquished.

Vanquished Creatures (others)
  A hound zombie (D:5)
  A spectral orc (D:5)
  3 bat zombies
  A goblin zombie (D:2)
  2 kobold zombies (D:5)
  3 orc zombies
  2 fungi (D:1)
  A plant (D:1)
14 creatures vanquished.

Grand Total: 128 creatures vanquished

Notes
Turn   | Place    | Note
-------+----------+-------------------------------------------
     0 | D:1      | Senryu the Troll Monk began the quest for the Orb.
     0 | D:1      | Reached XP level 1. HP: 22/22 MP: 0/0
   112 | D:1      | Reached XP level 2. HP: 26/29 MP: 1/1
   493 | D:3      | Reached XP level 3. HP: 35/36 MP: 2/2
   495 | D:3      | Learned a level 1 spell: Beastly Appendage
   789 | D:4      | Reached XP level 4. HP: 36/44 MP: 3/3
   811 | D:4      | Found a basalt altar of Yredelemnul.
  1064 | D:4      | Noticed a black bear
  1086 | D:4      | Killed a black bear
  1087 | D:4      | Reached skill level 1 in Throwing
  1087 | D:4      | Reached skill level 4 in Unarmed Combat
  1087 | D:4      | Reached XP level 5. HP: 35/53 MP: 0/4
  1263 | D:4      | Reached skill level 1 in Armour
  1672 | D:4      | Became a worshipper of Yredelemnul the Dark
  1672 | D:4      | Reached * piety under Yredelemnul
  1672 | D:4      | Reached ** piety under Yredelemnul
  1707 | D:3      | Noticed Sigmund
  1729 | D:3      | Killed Sigmund
  1730 | D:3      | Reached skill level 1 in Axes
  1730 | D:3      | Reached skill level 1 in Transmutations
  1730 | D:3      | Reached XP level 6. HP: 61/61 MP: 6/6
  1797 | D:3      | Learned a level 3 spell: Spider Form
  3354 | D:2      | Identified the +1 ring mail of Surprise {Int+3 Dex+3}
  3732 | D:1      | Learned a level 1 spell: Sandblast
  4278 | D:5      | Entered Level 5 of the Dungeon
  4315 | D:5      | Reached skill level 1 in Spellcasting
  4315 | D:5      | Reached XP level 7. HP: 62/67 MP: 5/7
  4685 | D:5      | HP: 2/65 [kobold brigand/+2 dagger of speed (9)]
  4686 | D:5      | Slain by a kobold brigand

Illustrated notes

Levels and vault maps discovered:
D:1:      lemuel_arrival_muddy, layout_rooms, minmay_split_cup_small
D:2:      layout_loops_corners
D:3:      layout_loops_corners, kennysheep_potato, uniq_sigmund
D:4:      layout_cave_pods, mainiacjoe_overflow_chevrons
D:5:      cheibrodos_thug_alley, layout_basic

Skill      XL: |  1  2  3  4  5  6  7 |
---------------+----------------------+-----
Fighting       | 3 |  3.2
Throwing       | 1 |  1.7
Unarmed Combat | 4 |  4.4
Armour         | 1 |  1.5
Dodging        | 3 |  3.4
Axes           | 1 2 |  2.0
Transmutations | 1 |  1.2
Spellcasting   | 1 |  1.0
Stealth        | |  1.6
Earth Magic    | |  0.5
Poison Magic   | |  0.3
Invocations    | |  0.9
Evocations     | |  0.7

Action                   |  1- 3 |  4- 6 |  7- 9 || total
-------------------------+-------+-------+-------++-------
Melee: Unarmed           |    89 |     2 |       ||    91
       Punch             |     1 |     3 |       ||     4
       War axe           |       |   105 |    37 ||   142
       Headbutt          |       |     2 |       ||     2
Throw: Dart              |     6 |    26 |     2 ||    34
 Cast: Beastly Appendage |     1 |     2 |       ||     3
       Sandblast         |       |     1 |       ||     1
Invok: Recall Undead Har |       |     6 |     2 ||     8
Evoke: Wand              |       |     4 |     4 ||     8
  Use: Scroll            |     5 |     6 |       ||    11
       Potion            |       |     1 |     1 ||     2
 Stab: Sleeping          |       |     2 |       ||     2
       Distracted        |       |     1 |       ||     1
Armor: Robe              |    31 |    49 |    12 ||    92
Dodge: Dodged            |    30 |    86 |    36 ||   152
